AA
FREDERICK STARS @ NEWARK KNIGHTS
08/29/2059
 
TOP OF THE 1ST
Frederick Stars batting - Pitching for Newark Knights : LHP Jacob Dover
Pitching: LHP Jacob Dover
Batting: RHB Mitchell Metz 0-0: Foul Ball, location: 2F
0-1: Foul Ball, location: 2F
0-2: Ball
1-2: Strikes out swinging
Batting: LHB Brad Moore 0-0: Called Strike
0-1: Foul Ball, location: 2F
0-2: Ball
1-2: Ground out 6-3 (Groundball, 6, EV 88.1 MPH)
Batting: RHB Morgan McManus 0-0: Called Strike
0-1: Ground out U3 (Groundball, 3L, EV 104.4 MPH)
Top of the 1st over - 0 runs, 0 hits, 0 errors, 0 left on base; Frederick 0 - Newark 0
BOTTOM OF THE 1ST
Newark Knights batting - Pitching for Frederick Stars : RHP Judd Shankle
Pitching: RHP Judd Shankle
Batting: RHB Benjamin Givler 0-0: Ball
1-0: Fly out, F9 (Line Drive, 9D, EV 96.9 MPH)
Batting: RHB Cameron Marry 0-0: Called Strike
0-1: Swinging Strike
0-2: Ball
1-2: Ball
2-2: Foul Ball, location: 2F
2-2: Strikes out swinging
Batting: RHB Weldon Nnanna 0-0: Ground out 4-3 (Groundball, 4S, EV 85.0 MPH)
Bottom of the 1st over - 0 runs, 0 hits, 0 errors, 0 left on base; Frederick 0 - Newark 0
TOP OF THE 2ND
Frederick Stars batting - Pitching for Newark Knights : LHP Jacob Dover
Batting: RHB Jay Atwood 0-0: Swinging Strike
0-1: Ball
1-1: Ball
2-1: Foul Ball, location: 2F
2-2: Strikes out swinging
Batting: RHB Fabyon Choi 0-0: Ball
1-0: Foul Ball, location: 2F
1-1: Ball
2-1: Called Strike
2-2: Foul Ball, location: 2F
2-2: Ball
3-2: Foul Ball, location: 2F
3-2: SINGLE (Groundball, 4M, EV 101.9 MPH)
Batting: RHB Carston Abidugun 0-0: Ball
1-0: SINGLE (Line Drive, 9S, EV 108.1 MPH)
Fabyon Choi to second
Batting: LHB Harrison Ruto 0-0: Foul Ball, location: 2F
0-1: Ball
1-1: Foul Ball, location: 2F
1-2: 3-RUN HOME RUN (Flyball, 9LD, EV 94.4 MPH), Distance : 335 ft
Batting: RHB Abraham Koziarz 0-0: Foul Ball, location: 2F
0-1: Called Strike
0-2: Strikes out swinging
Batting: SHB Lane Nixon 0-0: Called Strike
0-1: SINGLE (Groundball, 34D, EV 97.5 MPH)
Batting: RHB Mitchell Metz 0-0: Ball
1-0: Ball
2-0: Called Strike
2-1: Swinging Strike
2-2: Strikes out looking
Top of the 2nd over - 3 runs, 4 hits, 0 errors, 1 left on base; Frederick 3 - Newark 0
BOTTOM OF THE 2ND
Newark Knights batting - Pitching for Frederick Stars : RHP Judd Shankle
Batting: LHB Broderick Council 0-0: Foul Ball, location: 2F
0-1: Swinging Strike
0-2: Strikes out looking
Batting: RHB Sullivan Hazelwood 0-0: Called Strike
0-1: Swinging Strike
0-2: Ball
1-2: Strikes out swinging wild pitch, reaches first!
Batting: LHB Jared Karrigan 0-0: Ball
1-0: Ball
2-0: Swinging Strike
2-1: Foul Ball, location: 2F
2-2: Foul Ball, location: 2F
2-2: Ball
3-2: Strikes out looking
Batting: RHB J.D. Brandon 0-0: Foul Ball, location: 2F
0-1: Foul Ball, location: 2F
0-2: Fly out, F8 (Line Drive, 8RM, EV 94.4 MPH)
Bottom of the 2nd over - 0 runs, 0 hits, 0 errors, 1 left on base; Frederick 3 - Newark 0
TOP OF THE 3RD
Frederick Stars batting - Pitching for Newark Knights : LHP Jacob Dover
Batting: LHB Brad Moore 0-0: Ball
1-0: Foul Ball, location: 2F
1-1: Foul Ball, location: 2F
1-2: Foul Ball, location: 2F
1-2: Foul Ball, location: 2F
1-2: Foul Ball, location: 2F
1-2: Ball
2-2: SINGLE (Groundball, 4D, EV 108.1 MPH)
Batting: RHB Morgan McManus 0-0: Ball
1-0: Ball
Wild Pitch!
Brad Moore to second
2-0: Foul Ball, location: 2F
2-1: Swinging Strike
2-2: Ball
3-2: Strikes out swinging
Batting: RHB Jay Atwood 0-0: Ball
1-0: Ground out 5-3 (Groundball, 25, EV 87.5 MPH)
Batting: RHB Fabyon Choi 0-0: Ball
1-0: Foul Ball, location: 2F
1-1: Ball
2-1: Fly out, F7 (Line Drive, 78M, EV 98.8 MPH)
Top of the 3rd over - 0 runs, 1 hit, 0 errors, 1 left on base; Frederick 3 - Newark 0
BOTTOM OF THE 3RD
Newark Knights batting - Pitching for Frederick Stars : RHP Judd Shankle
Batting: RHB Garret Perales 0-0: Ball
1-0: Called Strike
1-1: Called Strike
1-2: Ball
2-2: Foul Ball, location: 2F
2-2: Ball
3-2: Fly out, F3 (Popup, 3, EV 69.4 MPH)
Batting: RHB Kaleb Holle 0-0: Foul Ball, location: 2F
0-1: Ball
1-1: Ball
2-1: Ball
3-1: Called Strike
3-2: Foul Ball, location: 2F
3-2: Base on Balls
Batting: RHB Benjamin Givler 0-0: Called Strike
0-1: Fielders Choice at 2nd, 4-6 (Groundball, 4, EV 93.8 MPH)
Batting: RHB Cameron Marry 0-0: Called Strike
0-1: Called Strike
0-2: Strikes out swinging
Bottom of the 3rd over - 0 runs, 0 hits, 0 errors, 1 left on base; Frederick 3 - Newark 0
TOP OF THE 4TH
Frederick Stars batting - Pitching for Newark Knights : LHP Jacob Dover
Batting: RHB Carston Abidugun 0-0: Called Strike
0-1: Called Strike
0-2: Strikes out swinging
Batting: LHB Harrison Ruto 0-0: Called Strike
0-1: Ball
1-1: Called Strike
1-2: Foul Ball, location: 2F
1-2: Foul Ball, location: 2F
1-2: Foul Ball, location: 2F
1-2: Strikes out swinging
Batting: RHB Abraham Koziarz 0-0: Ball
1-0: Foul Ball, location: 2F
1-1: SINGLE (Line Drive, 9S, EV 93.1 MPH)
Batting: SHB Lane Nixon 0-0: Ball
1-0: Ball
2-0: Called Strike
2-1: Swinging Strike
2-2: Strikes out swinging
Top of the 4th over - 0 runs, 1 hit, 0 errors, 1 left on base; Frederick 3 - Newark 0
BOTTOM OF THE 4TH
Newark Knights batting - Pitching for Frederick Stars : RHP Judd Shankle
Batting: RHB Weldon Nnanna 0-0: Ball
1-0: Foul Ball, location: 2F
1-1: Fly out, F8 (Line Drive, 8RD, EV 98.8 MPH)
Batting: LHB Broderick Council 0-0: Swinging Strike
0-1: Ball
1-1: SINGLE (Groundball, 34D, EV 106.2 MPH)
Batting: RHB Sullivan Hazelwood 0-0: Swinging Strike
0-1: Called Strike
0-2: Ball
1-2: Strikes out looking
Batting: LHB Jared Karrigan 0-0: Ball
1-0: Foul Ball, location: 2F
1-1: Ball
2-1: Foul Ball, location: 2F
2-2: Ground out 4-3 (Groundball, 4, EV 86.9 MPH)
Bottom of the 4th over - 0 runs, 1 hit, 0 errors, 1 left on base; Frederick 3 - Newark 0
TOP OF THE 5TH
Frederick Stars batting - Pitching for Newark Knights : LHP Jacob Dover
Batting: RHB Mitchell Metz 0-0: Ball
1-0: Called Strike
1-1: Called Strike
1-2: Strikes out swinging
Batting: LHB Brad Moore 0-0: Foul Ball, location: 2F
0-1: Swinging Strike
0-2: Ball
1-2: Strikes out swinging
Batting: RHB Morgan McManus 0-0: Called Strike
0-1: Ball
1-1: Ball
2-1: Foul Ball, location: 2F
2-2: Ground out 5-3 (Groundball, 5L, EV 108.8 MPH)
Top of the 5th over - 0 runs, 0 hits, 0 errors, 0 left on base; Frederick 3 - Newark 0
BOTTOM OF THE 5TH
Newark Knights batting - Pitching for Frederick Stars : RHP Judd Shankle
Batting: RHB J.D. Brandon 0-0: Called Strike
0-1: Foul Ball, location: 2F
0-2: Ball
1-2: Foul Ball, location: 2F
1-2: Strikes out swinging
Batting: RHB Garret Perales 0-0: Ball
1-0: SINGLE (Flyball, 3D, EV 91.9 MPH)
Batting: RHB Kaleb Holle 0-0: Grounds into double play, 4-6-3 (Groundball, 4M, EV 75.6 MPH)
Bottom of the 5th over - 0 runs, 1 hit, 0 errors, 0 left on base; Frederick 3 - Newark 0
TOP OF THE 6TH
Frederick Stars batting - Pitching for Newark Knights : LHP Jacob Dover
Batting: RHB Jay Atwood 0-0: Called Strike
0-1: Foul Ball, location: 2F
0-2: Ball
1-2: Foul Ball, location: 2F
1-2: Strikes out swinging
Batting: RHB Fabyon Choi 0-0: Ball
1-0: Ball
2-0: DOUBLE (Line Drive, 9LS, EV 111.2 MPH)
Batting: RHB Carston Abidugun 0-0: Called Strike
0-1: Ball
1-1: SINGLE (Line Drive, 6MD, EV 96.9 MPH)
Fabyon Choi to third
Batting: LHB Harrison Ruto 0-0: Called Strike
0-1: Fly out, F9 (Flyball, 9S, EV 82.5 MPH)
Batting: RHB Abraham Koziarz 0-0: Swinging Strike
0-1: Foul Ball, location: 2F
0-2: Foul Ball, location: 2F
0-2: Strikes out swinging
Top of the 6th over - 0 runs, 2 hits, 0 errors, 2 left on base; Frederick 3 - Newark 0
BOTTOM OF THE 6TH
Newark Knights batting - Pitching for Frederick Stars : RHP Judd Shankle
Batting: RHB Benjamin Givler 0-0: Foul Ball, location: 2F
0-1: Ball
1-1: SINGLE (Line Drive, 8RS, EV 100.0 MPH)
Batting: RHB Cameron Marry 0-0: Ball
1-0: Called Strike
1-1: Ball
Wild Pitch!
Benjamin Givler to second
2-1: Foul Ball, location: 2F
2-2: Ball
3-2: Foul Ball, location: 2F
3-2: Foul Ball, location: 2F
3-2: Foul Ball, location: 2F
3-2: Base on Balls
Batting: RHB Weldon Nnanna 0-0: Ball
1-0: Ball
Wild Pitch!
Benjamin Givler to third
Cameron Marry to second
2-0: Called Strike
2-1: Swinging Strike
2-2: Ball
3-2: Foul Ball, location: 2F
3-2: Foul Ball, location: 2F
3-2: Foul Ball, location: 2F
3-2: Fly out, F7 (Flyball, 7, EV 94.4 MPH)
Batting: LHB Broderick Council 0-0: Foul Ball, location: 2F
0-1: Swinging Strike
0-2: Ball
1-2: Strikes out swinging
Batting: RHB Sullivan Hazelwood 0-0: Ball
1-0: Foul Ball, location: 2F
1-1: Ball
2-1: DOUBLE (Flyball, 8LXD, EV 100.0 MPH)
Benjamin Givler scores
Cameron Marry scores
Batting: LHB Jared Karrigan 0-0: Ball
1-0: Ball
2-0: Swinging Strike
2-1: Foul Ball, location: 2F
2-2: Ball
3-2: 2-RUN HOME RUN (Flyball, 9D, EV 97.5 MPH), Distance : 360 ft
Batting: RHB J.D. Brandon 0-0: Ground out 6-3 (Groundball, 6, EV 86.9 MPH)
Bottom of the 6th over - 4 runs, 3 hits, 0 errors, 0 left on base; Frederick 3 - Newark 4
TOP OF THE 7TH
Frederick Stars batting - Pitching for Newark Knights : LHP Jacob Dover
Pitching: RHP Cory Burney
Batting: SHB Lane Nixon 0-0: Called Strike
0-1: Foul Ball, location: 2F
0-2: Ball
1-2: Foul Ball, location: 2F
1-2: Foul Ball, location: 2F
1-2: Strikes out swinging
Batting: RHB Mitchell Metz 0-0: Foul Ball, location: 2F
0-1: Swinging Strike
0-2: Ball
1-2: Strikes out swinging
Batting: LHB Brad Moore 0-0: Ball
1-0: Ball
2-0: SOLO HOME RUN (Flyball, 89XD, EV 103.8 MPH), Distance : 396 ft
Batting: RHB Morgan McManus 0-0: Called Strike
0-1: Ball
1-1: Called Strike
1-2: Ball
2-2: SINGLE (Groundball, 6D, EV 96.2 MPH)
Batting: RHB Jay Atwood 0-0: Foul Ball, location: 2F
0-1: Swinging Strike
0-2: Foul Ball, location: 2F
0-2: Strikes out swinging
Top of the 7th over - 1 run, 2 hits, 0 errors, 1 left on base; Frederick 4 - Newark 4
BOTTOM OF THE 7TH
Newark Knights batting - Pitching for Frederick Stars : RHP Judd Shankle
Pitching: LHP Tyrek Hali
Batting: RHB Garret Perales 0-0: Ball
1-0: Called Strike
1-1: Foul Ball, location: 2F
1-2: Ball
2-2: Strikes out swinging
Batting: RHB Kaleb Holle 0-0: Ball
1-0: Ball
2-0: Swinging Strike
2-1: Called Strike
2-2: Ball
3-2: Base on Balls
Batting: RHB Benjamin Givler 0-0: Ball
1-0: Grounds into double play, 6-4-3 (Groundball, 6, EV 89.4 MPH)
Bottom of the 7th over - 0 runs, 0 hits, 0 errors, 0 left on base; Frederick 4 - Newark 4
TOP OF THE 8TH
Frederick Stars batting - Pitching for Newark Knights : RHP Cory Burney
Batting: RHB Fabyon Choi 0-0: Ball
1-0: Ball
2-0: Fly out, F6 (Popup, 6MD, EV 73.8 MPH)
Pinch Hitting: LHB Earnest Feher 0-0: Swinging Strike
0-1: Ball
1-1: Ground out U3 (Groundball, 3S, EV 81.2 MPH)
Batting: LHB Harrison Ruto 0-0: Called Strike
0-1: Ball
1-1: Ball
2-1: Foul Ball, location: 2F
2-2: Fly out, F9 (Flyball, 9S, EV 92.5 MPH)
Top of the 8th over - 0 runs, 0 hits, 0 errors, 0 left on base; Frederick 4 - Newark 4
BOTTOM OF THE 8TH
Newark Knights batting - Pitching for Frederick Stars : LHP Tyrek Hali
Now at 3B: Isaiah Peterson
Batting: RHB Cameron Marry 0-0: Ball
1-0: Foul Ball, location: 2F
1-1: Foul Ball, location: 2F
1-2: Ball
2-2: Foul Ball, location: 2F
2-2: Ball
3-2: Strikes out swinging
Batting: RHB Weldon Nnanna 0-0: Ball
1-0: Fly out, F8 (Flyball, 78S, EV 78.8 MPH)
Batting: LHB Broderick Council 0-0: Called Strike
0-1: Ball
1-1: Ball
2-1: Foul Ball, location: 2F
2-2: Strikes out swinging
Bottom of the 8th over - 0 runs, 0 hits, 0 errors, 0 left on base; Frederick 4 - Newark 4
TOP OF THE 9TH
Frederick Stars batting - Pitching for Newark Knights : RHP Cory Burney
Pitching: RHP Josh Bickford
Batting: RHB Abraham Koziarz 0-0: SINGLE (Groundball, 56D, EV 106.2 MPH)
Batting: SHB Lane Nixon 0-0: Ball
1-0: Ball
2-0: Sac Bunt to 2R - play at first, batter OUT! 2-3
Abraham Koziarz to second
Batting: RHB Mitchell Metz 0-0: Ball
1-0: Called Strike
1-1: Foul Ball, location: 2F
1-2: Ball
2-2: Ball
3-2: Strikes out looking
Batting: LHB Brad Moore 0-0: Swinging Strike
0-1: Foul Ball, location: 2F
0-2: Strikes out looking
Top of the 9th over - 0 runs, 1 hit, 0 errors, 1 left on base; Frederick 4 - Newark 4
BOTTOM OF THE 9TH
Newark Knights batting - Pitching for Frederick Stars : LHP Tyrek Hali
Batting: RHB Sullivan Hazelwood 0-0: Called Strike
0-1: Foul Ball, location: 2F
0-2: Ball
1-2: Foul Ball, location: 2F
1-2: Foul Ball, location: 9LSF, Error on foul ball, E9
1-2: SINGLE (Groundball, 6MD, EV 106.2 MPH)
Pinch Hitting: RHB Fulton Mhina 0-0: Sac Bunt to 2R - play at first, batter OUT! 2-3
Sullivan Hazelwood to second
Batting: RHB J.D. Brandon 0-0: Foul Ball, location: 2F
0-1: Ball
1-1: Called Strike
1-2: Strikes out swinging
Batting: RHB Garret Perales 0-0: Intentional Walk
Pitching: RHP Mason LaQuaglia
Batting: RHB Kaleb Holle 0-0: Ball
1-0: Swinging Strike
1-1: Foul Ball, location: 2F
1-2: Ball
2-2: Strikes out swinging
Bottom of the 9th over - 0 runs, 1 hit, 1 error, 2 left on base; Frederick 4 - Newark 4
TOP OF THE 10TH
Frederick Stars batting - Pitching for Newark Knights : RHP Josh Bickford
Now in LF: Stefan Traylor
Batting: RHB Morgan McManus 0-0: Foul Ball, location: 2F
0-1: Called Strike
0-2: Ball
1-2: Ball
2-2: Foul Ball, location: 2F
2-2: Ball
3-2: Base on Balls
Batting: RHB Jay Atwood 0-0: Ball
1-0: Ball
2-0: Foul Ball, location: 2F
2-1: Ball
3-1: Base on Balls
Morgan McManus to second
Batting: RHB Fabyon Choi 0-0: Ball
1-0: Ball
2-0: Foul Ball, location: 2F
2-1: Ball
3-1: Swinging Strike
3-2: Strikes out looking
Batting: RHB Isaiah Peterson 0-0: Ball
1-0: Foul Ball, location: 2F
1-1: Swinging Strike
1-2: Ball
2-2: Strikes out swinging
Batting: LHB Harrison Ruto 0-0: Ground out 4-3 (Groundball, 4, EV 86.9 MPH)
Top of the 10th over - 0 runs, 0 hits, 0 errors, 2 left on base; Frederick 4 - Newark 4
BOTTOM OF THE 10TH
Newark Knights batting - Pitching for Frederick Stars : RHP Mason LaQuaglia
Pinch Hitting: LHB Dev Carlson 0-0: Ball
1-0: Ball
2-0: Ground out 4-3 (Groundball, 4M, EV 91.2 MPH)
Batting: RHB Cameron Marry 0-0: Ball
1-0: Ground out 5-3 (Groundball, 56S, EV 68.8 MPH)
Pinch Hitting: SHB Zak Puckett 0-0: Called Strike
0-1: Foul Ball, location: 2F
0-2: Ball
1-2: Fly out, F4 (Line Drive, 4M, EV 76.2 MPH)
Bottom of the 10th over - 0 runs, 0 hits, 0 errors, 0 left on base; Frederick 4 - Newark 4
TOP OF THE 11TH
Frederick Stars batting - Pitching for Newark Knights : RHP Josh Bickford
Now at 2B: Kyle Majka
Now in CF: Dev Carlson
Batting: RHB Abraham Koziarz 0-0: Called Strike
0-1: Foul Ball, location: 2F
0-2: Foul Ball, location: 2F
0-2: Ball
1-2: Ball
2-2: DOUBLE (Line Drive, 78D, EV 108.1 MPH)
Batting: SHB Lane Nixon 0-0: Ball
1-0: Swinging Strike
1-1: Ball
2-1: Called Strike
Abraham Koziarz steals 3rd base
2-2: Fly out, F9 (Flyball, 89M, EV 91.2 MPH)
Runner from 3rd tags up, SCORES, throw by RF
Batting: RHB Mitchell Metz 0-0: Swinging Strike
0-1: Foul Ball, location: 2F
0-2: Ball
1-2: SINGLE (Groundball, 25, EV 65.0 MPH) (infield hit)
Batting: LHB Brad Moore 0-0: Foul Ball, location: 2F
0-1: Ball
1-1: Ball
2-1: Foul Ball, location: 2F
2-2: Strikes out swinging
Batting: RHB Morgan McManus 0-0: Called Strike
Mitchell Metz steals 2nd base
0-1: Ball
Mitchell Metz steals 3rd base
1-1: Ground out 6-3 (Groundball, 6, EV 81.2 MPH)
Top of the 11th over - 1 run, 2 hits, 0 errors, 1 left on base; Frederick 5 - Newark 4
BOTTOM OF THE 11TH
Newark Knights batting - Pitching for Frederick Stars : RHP Mason LaQuaglia
Now in LF: Brad Moore
Now in CF: Dalton Seaton
Now in RF: Harrison Ruto
Batting: LHB Broderick Council 0-0: Ball
1-0: Ball
2-0: Foul Ball, location: 2F
2-1: Ball
3-1: Swinging Strike
3-2: Ground out U3 (Groundball, 3, EV 100.0 MPH)
Batting: RHB Sullivan Hazelwood 0-0: Ball
1-0: SINGLE (Flyball, 8RS, EV 95.6 MPH)
Batting: SHB Stefan Traylor 0-0: Hit by Pitch
Sullivan Hazelwood to second
Pinch Hitting: LHB Dave Seay 0-0: Fly out, F7 (Flyball, 7D, EV 85.6 MPH)
Batting: RHB Garret Perales 0-0: Ball
1-0: Foul Ball, location: 2F
1-1: Called Strike
1-2: Strikes out swinging
Bottom of the 11th over - 0 runs, 1 hit, 0 errors, 2 left on base; Frederick 5 - Newark 4
Wednesday, March 27th , 2024 - OOTP Baseball 23.10 Build 110